 Dungeon Crawl Stone Soup version 0.26.1-11-gd32895ea62 (webtiles) character file.

Game seed: 6684224642487274717

860 worthlessgem the Geomancer (level 8, 0/51 HPs)
             Began as a Formicid Earth Elementalist on Sept 21, 2021.
             Was a Follower of Ashenzari.
             Succumbed to a worker ant's poison
             ... on level 5 of the Dungeon.
             The game lasted 00:44:49 (6255 turns).

worthlessgem the Geomancer (FoEE)                   Turns: 6255, Time: 00:44:50

Health: 0/51       AC:  2    Str: 15    XL:     8   Next: 22%
Magic:  20/20      EV: 12    Int: 17    God:    Ashenzari [*.....]
Gold:   264        SH:  0    Dex: 11    Spells: 1/11 levels left

rFire    + . .     SeeInvis +   r - +0 mace
rCold    + . .     Faith    .   (no shield)
rNeg     . . .     Spirit   .   c - +0 robe
rPois    +         Reflect  .   (helmet unavailable)
rElec    +         Harm     .   (no cloak)
rCorr    +         Rampage  .   (no gloves)
Will     .....                  (no boots)
Stlth    ++........             f - amulet of magic regeneration
HPRegen  0.17/turn              h - ring of magical power (curse)
MPRegen  0.42/turn              i - +4 ring of slaying (curse)

@: brilliant, lethally poisoned (0 -> -4), resistant
A: permanent stasis, dig shafts and tunnels, four strong arms, antennae 3, frail
1, sense surroundings 1, strong 1, wild magic 1
a: Dig, Shaft Self, Renounce Religion, Curse Item, Scrying


You were on level 5 of the Dungeon.
You worshipped Ashenzari.
Ashenzari was aware of your devotion.
You visited 2 branches of the dungeon, and saw 6 of its levels.

You collected 264 gold pieces.

Inventory:

Hand Weapons
 r - a +0 mace (weapon)
Missiles
 a - 4 boomerangs
 b - 185 stones
Armour
 c - a +0 robe (worn)
Jewellery
 f - an amulet of magic regeneration (around neck)
 g - an uncursed amulet of faith
 h - a cursed ring of magical power (left hand)
 i - a cursed +4 ring of slaying (right hand)
Wands
 o - a wand of enslavement (4) (quivered)
Scrolls
 d - a scroll of enchant armour {unknown}
 l - 2 scrolls of amnesia {unknown}
 m - 3 scrolls of remove curse
 n - 2 scrolls of immolation {unknown}
 q - a scroll of enchant weapon {unknown}
 s - a scroll of magic mapping
 t - 4 scrolls of teleportation {unknown}
 w - a scroll of random uselessness {unknown}
 x - a scroll of blinking {unknown}
 y - a scroll of fog {unknown}
Potions
 j - 2 potions of invisibility
 k - a potion of cancellation
 p - 4 potions of might
 u - a potion of brilliance
 v - a potion of mutation


   Skills:
 + Level 2.6 Fighting
 - Level 1.7 Dodging
 - Level 2.4 Stealth
 - Level 2.1 Spellcasting
 - Level 3.2 Conjurations
 * Level 4.2 Transmutations
 - Level 8.3 Earth Magic


You had one spell level left.
You knew the following spells:

 Your Spells              Type           Power        Failure   Level
a - Sandblast             Erth           100%         1%          1
b - Passwall              Tmut/Erth      37%          4%          2
c - Stone Arrow           Conj/Erth      84%          9%          3
d - Petrify               Tmut/Erth      45%          21%         4

Your spell library contained the following spells:

 Spells                   Type           Power        Failure   Level
 Lee's Rapid Deconstruct  Erth           28%          24%         5


Dungeon Overview and Level Annotations

Branches:
Dungeon (5/15)             Temple (1/1) D:4

Altars:
Ashenzari
Cheibriados
Dithmenos
Gozag
Hepliaklqana
Nemelex Xobeh
Okawaru
Qazlal
Ru
Sif Muna
Uskayaw
Vehumet
Wu Jian
Xom
Yredelemnul
Zin
The Shining One

Portals:
Abyss: D:4

Annotations:
D:4 2 transporters, Pikel; boopmooplesden's ghost, amateur DsGl


Innate Abilities, Weirdness & Mutations

You cannot be hasted, slowed, berserked, paralysed or teleported.
You can dig through walls and to a lower floor.
Your four strong arms can wield two-handed weapons with a shield.
You have a pair of large antennae on your head. (SInv)
You are frail. (-10% HP)
You passively map a small area around you.
Your muscles are strong. (Str +2)
Your spells are a little harder to cast, but a little more powerful.


Message History

* * * LOW HITPOINT WARNING * * *
You feel sick.
It was a potion of haste.
Your stasis prevents you from being hasted.
* * * LOW HITPOINT WARNING * * *
You feel sick.
Okay, then.
* * * LOW HITPOINT WARNING * * *
You feel sick.
* * * LOW HITPOINT WARNING * * *
You feel sick.
* * * LOW HITPOINT WARNING * * *
You feel sick.
Okay, then.
Okay, then.
Okay, then.
You feel protected.
* * * LOW HITPOINT WARNING * * *
You feel sick.
You die...

##...+ #......## #.##
##...#B..#....... ##.# ##..##[.#
.......# ##.## ##..##..#
....######.## ........#
#..##.....##
........######$.##......#
###+##...#..............#
##..##..##..............#
##..##..##......@.......#
#.......##..##..######+#########
###+##..##..*#..##.....##......#
##..##..##..##..##.............#
##..##..##......+.............##
##......##..##..##.....##......#
.+......##. #..#########......#
##..##..##,{ #####{{{.oo......##
######..#* .......{{.?[###.##..#


There were no monsters in sight!

Vanquished Creatures
  A phantom (D:4)
  A necrophage (D:5)
  3 ogres (D:4)
  2 lemures
  A bullfrog (D:3)
  3 orc wizards
  2 orc priests
  A hound (D:4)
  A worker ant (D:4)
  5 adders
  An ufetubus (D:5)
  2 oozes
  An adder skeleton (D:5)
  An adder zombie (D:5)
  2 worms (D:3)
  4 leopard geckos
  4 orcs
  A ball python (D:1)
  7 giant cockroaches
  8 goblins
  11 hobgoblins
  4 jackals (D:3)
  5 kobolds
  4 quokkas
  9 bats
  6 frilled lizards
  A jackal skeleton (D:4)
  7 rats
98 creatures vanquished.

Vanquished Creatures (collateral kills)
  A hound skeleton (D:4)
  An ooze (D:4)
2 creatures vanquished.

Grand Total: 100 creatures vanquished

Notes
Turn   | Place    | Note
-------+----------+-------------------------------------------
     0 | D:1      | worthlessgem the Formicid Earth Elementalist began the
                  | quest for the Orb.
     0 | D:1      | Reached XP level 1. HP: 13/13 MP: 3/3
   159 | D:1      | Reached skill level 4 in Earth Magic
   263 | D:1      | Reached XP level 2. HP: 11/19 MP: 5/5
   392 | D:1      | Learned a level 2 spell: Passwall
   537 | D:2      | Found a shimmering altar of Xom.
   997 | D:4      | Found a staircase to the Ecumenical Temple.
  1004 | Temple   | Entered the Ecumenical Temple
  1059 | Temple   | Became a worshipper of Ashenzari the Shackled
  1114 | D:3      | Reached XP level 3. HP: 24/24 MP: 4/6
  1120 | D:3      | Learned a level 3 spell: Stone Arrow
  1142 | D:3      | Reached skill level 5 in Earth Magic
  1152 | D:3      | Noticed a bullfrog
  1539 | D:2      | Found an ornate altar of the Wu Jian Council.
  2065 | D:2      | Found a sparkling altar of Nemelex Xobeh.
  2072 | D:2      | Reached XP level 4. HP: 30/30 MP: 7/7
  2543 | D:1      | Found a sparkling altar of Nemelex Xobeh.
  3155 | D:3      | Reached skill level 6 in Earth Magic
  3157 | D:3      | Reached skill level 1 in Conjurations
  3329 | D:3      | Reached XP level 5. HP: 35/35 MP: 8/8
  3514 | D:3      | Reached XP level 6. HP: 41/41 MP: 9/9
  4025 | D:4      | Found a transporter.
  4030 | D:4      | Found a one-way gate to the infinite horrors of the Abyss.
  4030 | D:4      | Noticed boopmooplesden's ghost (amateur DsGl)
  4035 | D:4      | Identified the +7 whip "Taleguhutu" {distort, +Rage rC- rN+
                  | Dex+10}
  4043 | D:4      | Found a transporter.
  4044 | D:4      | Noticed a small abomination
  4166 | D:4      | Found a sacrificial altar of Ru.
  4170 | D:4      | Found a hide-covered altar of Uskayaw.
  4178 | D:4      | Noticed an ogre
  4267 | D:4      | Noticed an ogre
  4291 | D:4      | Reached skill level 7 in Earth Magic
  4344 | D:4      | Killed an ogre
  4345 | D:4      | Reached XP level 7. HP: 42/46 MP: 10/10
  4445 | D:4      | Reached skill level 8 in Earth Magic
  4468 | D:4      | Reached * piety under Ashenzari
  4621 | D:4      | Learned a level 4 spell: Petrify
  5266 | D:4      | Reached skill level 1 in Fighting
  5431 | D:4      | Reached XP level 8. HP: 56/56 MP: 11/11
  5476 | D:5      | Entered Level 5 of the Dungeon
  5476 | D:5      | Noticed Pikel
  6013 | D:3      | You fall into a shaft and drop 1 floor!
  6016 | D:4      | You fall into a shaft and drop 1 floor!
  6246 | D:5      | Gained mutation: You passively map a small area around you.
                  | [potion of mutation]
  6246 | D:5      | Gained mutation: Your spells are a little harder to cast,
                  | but a little more powerful. [potion of mutation]
  6246 | D:5      | Gained mutation: You are frail. (-10% HP) [potion of
                  | mutation]
  6246 | D:5      | Gained mutation: Your muscles are strong. (Str +2) [potion
                  | of mutation]
  6250 | D:5      | HP: 2/51 [poisoned by a worker ant]
  6255 | D:5      | Succumbed to a worker ant's poison

Illustrated notes

Levels and vault maps discovered:
D:1:      giann_forest_graveyard, layout_basic, nemelex_diamond_rough_becter
D:2:      layout_basic, lemuel_round_altar, general_overflow_altar, tgw_xom
D:3:      minmay_diamond_boxcup, layout_basic, kennysheep_cluttered_room
D:4:      layout_basic, chequers_temple_overflow_statue_of_worship,
          gammafunk_ghost_abyssal_escape
D:5:      layout_gridville, uniq_pikel
Temple:   nicolae_temple_hex_pool

Skill      XL: |  1  2  3  4  5  6  7  8 |
---------------+-------------------------+-----
Earth Magic    | 4 5 6 7 8 |  8.3
Conjurations   | 1 2 3 |  3.2
Fighting       | 2 |  2.6
Transmutations | 3 4 |  4.2
Dodging        | |  1.7
Stealth        | |  2.4
Spellcasting   | |  2.1

Action                   |  1- 3 |  4- 6 |  7- 9 || total
-------------------------+-------+-------+-------++-------
Melee: Club              |    71 |    11 |       ||    82
       Mace              |       |    34 |     3 ||    37
Throw: Boomerang         |     7 |     3 |       ||    10
 Cast: Sandblast         |    25 |     6 |     7 ||    38
       Passwall          |     8 |     1 |    10 ||    19
       Stone Arrow       |     6 |    44 |    40 ||    90
       Petrify           |       |       |     1 ||     1
Invok: Curse Item        |     1 |     1 |       ||     2
 Abil: Dig               |     4 |       |     8 ||    12
       Shaft Self        |       |       |     2 ||     2
Evoke: Wand              |       |       |     3 ||     3
  Use: Scroll            |     3 |     4 |       ||     7
       Potion            |       |       |     5 ||     5
 Stab: Sleeping          |     1 |     1 |       ||     2
Armor: Robe              |    40 |    13 |     6 ||    59
Dodge: Dodged            |    65 |    47 |    20 ||   132
